 Dungeon Crawl Stone Soup version 0.31.0-1-g2c135a0 (webtiles) character file.

Game seed: 2620535628154381504

1521 danspanner the Covert (level 8, -5/50 HPs)
             Began as an Octopode Conjurer on Feb 8, 2024.
             Slain by a water moccasin (6 damage)
             ... on level 7 of the Dungeon.
             The game lasted 00:19:31 (5760 turns).

danspanner the Covert (Octopode Conjurer)           Turns: 5760, Time: 00:19:32

Health: -5/50      AC:  3    Str:  6    XL:     8   Next: 84%
Magic:  19/23      EV: 14    Int: 27    God:
Gold:   300        SH:  0    Dex: 12    Spells: 5/15 levels left

rFire   . . .        q - +9 dagger of Doom {freeze, Int+4 Dex+2}
rCold   . . .        (no shield)
rNeg    . . .        (helmet restricted)
rPois   +            m - amulet of the acrobat
rElec   .            c - ring of magical power
rCorr   +            f - ring of poison resistance
SInv    .            n - ring of resist corrosion
Will    .....        (no ring)
Stlth   +++++        (no ring)
HPRegen 0.28/turn    (no ring)
MPRegen 0.18/turn    (no ring)
                     (no ring)

%: acrobat
@: no status effects
A: almost no armour, amphibious, 8 rings, camouflage 1, gelatinous body 1,
(nimble swimmer 1), tentacles, iridescent scales 1, deterioration 1, inability
to read after injury 1
a: no special abilities


You were on level 7 of the Dungeon.
You visited 2 branches of the dungeon, and saw 8 of its levels.

You collected 300 gold pieces.

Inventory:

Hand Weapons
 q - the +9 dagger of Doom (weapon) {freeze, Int+4 Dex+2}
   (You found it on level 4 of the Dungeon)

   Int+4:     It affects your intelligence (+4).
   Dex+2:     It affects your dexterity (+2).
Missiles
 b - 18 poisoned darts
 d - 6 curare-tipped darts
Jewellery
 c - a ring of magical power (left tentacle)
 f - a ring of poison resistance (right tentacle)
 m - an amulet of the acrobat (around mantle)
 n - a ring of resist corrosion (on tentacle)
Wands
 i - a wand of mindburst (18)
 r - a wand of iceblast (6)
 t - a wand of polymorph (9)
Scrolls
 e - a scroll of blinking
 h - 4 scrolls of teleportation
 k - a scroll of poison
 o - a scroll of identify
Potions
 a - 3 potions of magic
 g - a potion of ambrosia
 j - a potion of brilliance
 s - a potion of resistance


   Skills:
 + Level 2.0 Fighting
 + Level 2.4 Short Blades
 + Level 3.7 Dodging
 + Level 8.2 Stealth
 + Level 4.0 Spellcasting
 + Level 6.1 Conjurations
 * Level 2.3 Hexes
 * Level 4.1 Alchemy


You had 5 spell levels left.
You knew the following spells:

 Your Spells              Type           Power      Damage    Failure   Level
a - Magic Dart            Conj           100%       1d8       1%          1
b - Searing Ray           Conj           76%        2d7       1%          2
c - Fulminant Prism       Conj/Alch      16%        3d10      10%         4
d - Tukima's Dance        Hex            18%        N/A       9%          3

Your spell library contained the following spells:

 Spells                   Type           Power      Damage    Failure   Level
 Lesser Beckoning         Tloc           10%        N/A       12%         2
 Iskenderun's Mystic Bla  Conj/Tloc      22%        2d6       22%         4
 Gell's Gravitas          Tloc           5%         N/A       24%         3
 Teleport Other           Tloc           5%         N/A       24%         3
 Alistair's Intoxication  Alch           18%        N/A       38%         5
 Yara's Violent Unravell  Hex/Alch       11%        3d6       50%         5
 Passage of Golubria      Tloc           5%         N/A       61%         4
 Borgnjor's Vile Clutch   Necr/Erth      2%         N/A       91%         5
 Eringya's Noxious Bog    Alch           13%        4d6       92%         6


Dungeon Overview and Level Annotations

Branches:
Dungeon (7/15)             Temple (1/1) D:6

Altars:
Ashenzari
Cheibriados
Dithmenos
Hepliaklqana
Kikubaaqudgha
Makhleb
Nemelex Xobeh
Okawaru
Qazlal
Ru
Sif Muna
Trog
Vehumet
Wu Jian
Xom
Zin
The Shining One

Shops:
D:5 (   D:6 *   D:7 :

Annotations:
D:5 1 runed translucent door, Crazy Yiuf
D:7 Prince Ribbit


Innate Abilities, Weirdness & Mutations

You cannot wear most types of armour.
You are amphibious.
You can wear up to eight rings at the same time.
Your skin changes colour to match your surroundings (Stealth+).
Your rubbery body absorbs attacks. (AC +1, EV +1)
((You are camouflaged when in or above water. (Stealth+)))
You have tentacles for arms and can constrict up to eight enemies at once.
You are partially covered in iridescent scales. (AC +2)
Your body sometimes deteriorates upon taking damage.
You occasionally lose the ability to read scrolls when taking damage.


Message History

Prince Ribbit is engulfed in a cloud of scalding steam.
The water moccasin barely misses you.
You barely miss the water moccasin. You grab the water moccasin.
You constrict the water moccasin.
Prince Ribbit is engulfed in a cloud of scalding steam.
Prince Ribbit hits you.
The water moccasin bites you but does no damage.
Prince Ribbit is engulfed in a cloud of scalding steam.
Prince Ribbit completely misses you.
You release your grip on the water moccasin.
The steam dragon hisses angrily.
The water moccasin attacks as it pursues you!
The water moccasin completely misses you.
Prince Ribbit completely misses you.
You hit the water moccasin.
The water moccasin seems to slow down.
You freeze the water moccasin. You grab the water moccasin.
The water moccasin is moderately wounded.
You constrict the water moccasin. Prince Ribbit hits you!
The water moccasin closely misses you.
You hit the water moccasin but do no damage.
The water moccasin is moderately wounded.
You constrict the water moccasin.
The water moccasin is no longer moving slowly.
Prince Ribbit completely misses you. The water moccasin closely misses you.
Prince Ribbit hits you.
* * * LOW HITPOINT WARNING * * *
You hit the water moccasin. You freeze the water moccasin.
The water moccasin is heavily wounded.
You constrict the water moccasin. The water moccasin bites you!
* * * LOW HITPOINT WARNING * * *
You are lethally poisoned!
The water moccasin poisons you! Prince Ribbit closely misses you.
You feel better.
You constrict the water moccasin. The water moccasin closely misses you.
Prince Ribbit hits you!
* * * LOW HITPOINT WARNING * * *
You hit Prince Ribbit. You freeze Prince Ribbit.
Your grab misses Prince Ribbit.
Prince Ribbit is heavily wounded.
You constrict the water moccasin. The water moccasin bites you.
You die...

....... #........
....).. #.#####.g
....### #.# . ......#
#.# ....# # #.# ....#
#. #.# ....# ##.#
#.######## ....#
#...#####.......[.
#####
#._[S@.D..........
.......F####o........
....#.$.# #.........
......### #.........
...... #........D
#.... .oo....... ##..
.......... #..
..#......


You could see Prince Ribbit, a steam dragon, a water moccasin and an orc priest.

Vanquished Creatures
  A steam dragon (D:7)
  A water moccasin (D:5)
  A sky beast (D:7)
  2 black bears (D:4)
  A phantom (D:4)
  A kobold brigand (D:6)
  2 bullfrogs
  A scorpion (D:5)
  4 jellies
  6 hounds
  Jessica (D:3)
  2 sleepcaps
  An orc wizard (D:6)
  4 gnolls (D:5)
  13 adders
  2 dart slugs
  7 orcs
  10 ball pythons
  5 endoplasms
  3 giant cockroaches
  5 goblins
  8 hobgoblins
  2 jackals (D:1)
  4 quokkas
  A bat (D:1)
  5 frilled lizards
  9 kobolds
  8 rats
110 creatures vanquished.

Notes
Turn   | Place    | Note
-------+----------+-------------------------------------------
     0 | D:1      | danspanner the Octopode Conjurer began the quest for the
                  | Orb.
     0 | D:1      | Reached XP level 1. HP: 11/11 MP: 3/3
   188 | D:1      | Reached XP level 2. HP: 17/17 MP: 3/5
   280 | D:1      | Learned a level 2 spell: Searing Ray
  1079 | D:2      | Reached XP level 3. HP: 19/21 MP: 6/6
  1507 | D:2      | Reached skill level 3 in Stealth
  1709 | D:2      | Reached skill level 5 in Conjurations
  1709 | D:2      | Reached XP level 4. HP: 19/27 MP: 7/7
  2714 | D:3      | Noticed Jessica
  2716 | D:3      | Killed Jessica
  2717 | D:3      | Reached skill level 4 in Stealth
  2717 | D:3      | Reached XP level 5. HP: 32/32 MP: 8/8
  2749 | D:4      | Learned a level 4 spell: Fulminant Prism
  2845 | D:4      | Found an iron altar of Okawaru.
  2867 | D:4      | Noticed a phantom
  2973 | D:4      | Noticed a black bear
  3126 | D:4      | Reached skill level 1 in Fighting
  3126 | D:4      | Reached skill level 5 in Stealth
  3126 | D:4      | Reached skill level 1 in Alchemy
  3126 | D:4      | Reached XP level 6. HP: 32/38 MP: 9/9
  3212 | D:4      | Reached skill level 1 in Short Blades
  3413 | D:4      | Found an ancient bone altar of Kikubaaqudgha.
  3419 | D:4      | Noticed a black bear
  3464 | D:4      | Killed a black bear
  3465 | D:4      | Reached skill level 6 in Stealth
  3465 | D:4      | Reached XP level 7. HP: 33/43 MP: 11/11
  3597 | D:4      | Identified the +9 dagger of Doom {freeze, Int+4 Dex+2}
  3967 | D:5      | Entered Level 5 of the Dungeon
  4182 | D:5      | Noticed Crazy Yiuf
  4213 | D:5      | Found a runed translucent door.
  4260 | D:5      | Found a stormy altar of Qazlal.
  4387 | D:5      | Reached skill level 7 in Stealth
  4491 | D:5      | Gained mutation: You occasionally lose the ability to read
                  | scrolls when taking damage. [potion of mutation]
  4491 | D:5      | Gained mutation: You are partially covered in iridescent
                  | scales. (AC +2) [potion of mutation]
  4491 | D:5      | Gained mutation: Your body sometimes deteriorates upon
                  | taking damage. [potion of mutation]
  4499 | D:5      | Identified the +0 helmet of the Rose {rF+}
  4520 | D:5      | Found Eptos's Antique Weapon Boutique.
  4623 | D:5      | Learned a level 3 spell: Tukima's Dance
  4767 | D:6      | Reached XP level 8. HP: 44/49 MP: 11/12
  4878 | D:6      | Found a staircase to the Ecumenical Temple.
  4911 | D:6      | Reached skill level 1 in Hexes
  4999 | Temple   | Entered the Ecumenical Temple
  5119 | D:6      | Found Make Ror's General Store.
  5480 | D:7      | Found Iskuo's Self-Improvement Boutique.
  5494 | D:7      | Reached skill level 8 in Stealth
  5740 | D:7      | Found a bloodstained altar of Trog.
  5749 | D:7      | Noticed a hornet
  5752 | D:7      | Noticed Prince Ribbit
  5759 | D:7      | HP: 1/50 [Prince Ribbit (8)]
  5760 | D:7      | Slain by a water moccasin

Illustrated notes

Levels and vault maps discovered:
D:1:      mrwooster_arrival_statue_3, layout_basic
D:2:      minmay_angry_zag, layout_basic, minmay_misc_feat_pillars
D:3:      layout_loops_ring, uniq_jessica
D:4:      layout_loops_ring, mainiacjoe_overflow_alcove_2,
          mainiacjoe_overflow_cross_hatched, minmay_door_square,
          minmay_misc_feat_rugged
D:5:      layout_rooms, lemuel_tele_altar, serial_shops,
          nicolae_shop_behind_doors, uniq_crazy_yiuf_cottage
D:6:      layout_rooms, minmay_temple_entry_arrows, serial_shops, shop
D:7:      layout_basic, bloody_trog, nicolae_shop_self_help, uniq_prince_ribbit1
Temple:   cyrus_circular_temple

Skill      XL: |  1  2  3  4  5  6  7  8 |
---------------+-------------------------+-----
Stealth        | 3 4 5 6 7 8 |  8.2
Conjurations   | 5 6 |  6.1
Fighting       | 1 2 |  2.0
Alchemy        | 1 2 3 4 |  4.1
Short Blades   | 1 2 |  2.4
Dodging        | 3 |  3.7
Spellcasting   | 3 4 |  4.0
Hexes          | 2 |  2.3

Action                     |  1- 3 |  4- 6 |  7- 9 || total
---------------------------+-------+-------+-------++-------
  Melee: Dagger            |    40 |    53 |    27 ||   120
         Unarmed           |     5 |       |       ||     5
         Constrict         |    10 |    13 |     8 ||    31
         Tentacles         |     6 |    10 |     1 ||    17
   Cast: Magic Dart        |    21 |     6 |    12 ||    39
         Searing Ray       |     5 |    12 |    24 ||    41
    Use: Scroll            |     1 |     1 |    12 ||    14
         Potion            |       |       |     2 ||     2
   Stab: Sleeping          |     6 |    10 |     3 ||    19
 Armour: Skin              |    19 |    26 |    27 ||    72
  Dodge: Dodged            |    23 |    46 |    55 ||   124
